 Dungeon Crawl Stone Soup version 0.23.2-40-g277498a (webtiles) character file.

Game seed: 6119098233766879425

2426 Aphrodieselac the Infuser (level 9, 0/61 HPs)
             Began as a Merfolk Skald on Aug 19, 2019.
             Was a Follower of Okawaru.
             Slain by an orc warrior
             ... wielding a +0 flail
              (16 damage)
             ... on level 6 of the Dungeon.
             The game lasted 00:35:01 (7395 turns).

Aphrodieselac the Infuser (Merfolk Skald)           Turns: 7395, Time: 00:35:02

Health: 0/61       AC: 11    Str: 13    XL:     9   Next: 48%
Magic:  5/12       EV: 11    Int: 14    God:    Okawaru [*.....]
Gold:   369        SH:  4    Dex: 13    Spells: 4/12 levels left

rFire    . . .     SeeInvis .   a - +0 spear
rCold    . . .     Gourm    .   u - +1 buckler
rNeg     . . .     Faith    .   b - +0 leather armour
rPois    .         Spirit   .   p - +2 helmet
rElec    .         Reflect  .   (no cloak)
rCorr    .         Harm     .   y - +0 pair of gloves
MR       .....                  (no boots)
Stlth    +.........             q - amulet of regeneration
HPRegen  0.60/turn              h - +1 ring of evasion
MPRegen  0.13/turn              C - +4 ring of protection

@: heavily drained
A: change form in water, swift swim, stealthy swim
a: Heroism, Renounce Religion


You were on level 6 of the Dungeon.
You worshipped Okawaru.
Okawaru was aware of your devotion.
You were very hungry.

You visited 1 branch of the dungeon, and saw 8 of its levels.

You collected 369 gold pieces.

Inventory:

Hand Weapons
 a - a +0 spear (weapon)
 j - a +0 dagger of venom
Missiles
 m - 31 poisoned needles
 v - 15 tomahawks (quivered)
 I - a throwing net
Armour
 b - a +0 leather armour (worn)
 p - a +2 helmet (worn)
 u - a +1 buckler (worn)
 y - a +0 pair of gloves (worn)
Jewellery
 h - a +1 ring of evasion (left hand)
 q - an amulet of regeneration (around neck)
 C - a +4 ring of protection (right hand)
Wands
 D - a wand of paralysis (11)
 E - a wand of scattershot (4)
 H - a wand of iceblast (18)
 J - a wand of flame (15)
Scrolls
 c - 4 scrolls of identify
 i - 6 scrolls of teleportation
 r - a scroll of enchant armour
 s - 3 scrolls of blinking {unknown}
 t - a scroll of random uselessness {unknown}
 w - a scroll of immolation {unknown}
 z - a scroll of noise {unknown}
 A - a scroll of enchant weapon {unknown}
 B - a scroll of amnesia
 F - 3 scrolls of remove curse
Potions
 e - a potion of magic {unknown}
 f - 4 potions of curing {unknown}
 g - a potion of mutation {unknown}
 k - a potion of invisibility
 l - 4 potions of haste
 n - 2 potions of flight
 o - a potion of berserk rage
 x - 2 potions of heal wounds
 G - 2 potions of cancellation {unknown}
 L - a potion of ambrosia {unknown}
 M - a potion of experience {unknown}
Comestibles
 d - 6 rations


   Skills:
 - Level 2.1(0.0) Fighting
 + Level 10.5(7.3) Polearms
 - Level 0.6(0.0) Armour
 - Level 2.6(0.0) Dodging
 - Level 2.0(0.0) Spellcasting
 * Level 11.4(8.1) Charms


You had 4 spell levels left.
You knew the following spells:

 Your Spells              Type           Power        Failure   Level  Hunger
a - Infusion              Chrm           ###.         2%          1    ##.....
b - Song of Slaying       Chrm           ###.....     3%          2    ###....
c - Shroud of Golubria    Chrm/Tloc      ##........   19%         2    ###....
d - Spectral Weapon       Hex/Chrm       ##......     34%         3    ####...

Your spell library contained the following spells:

 Spells                   Type           Power        Failure   Level  Hunger
 Ozocubu's Armour         Chrm/Ice       ##......     34%         3    ####...
 Regeneration             Chrm/Necr      ##........   34%         3    ####...
 Confusing Touch          Hex            #.....       52%         1    ##.....
 Freeze                   Ice            #...         52%         1    ##.....
 Throw Frost              Conj/Ice       #.....       67%         2    ###....
 Confuse                  Hex            #.......     88%         3    ####...
 Gell's Gravitas          Tloc           #.........   88%         3    ####...
 Petrify                  Tmut/Erth      #.......     99%         4    #####..
 Summon Ice Beast         Ice/Summ       #.......     99%         4    #####..
 Throw Icicle             Conj/Ice       #.......     99%         4    #####..
 Metabolic Englaciation   Hex/Ice        #.........   100%        5    ######.
 Yara's Violent Unravell  Hex/Tmut       #.........   100%        5    ######.


Dungeon Overview and Level Annotations

Branches:
Dungeon (8/15)             Temple (0/1) D:7
   Lair: D:8-11

Altars:
Cheibriados
Dithmenos
Elyvilon
Fedhas
Gozag
Okawaru
Qazlal
Ru
Sif Muna
Vehumet
Yredelemnul
The Shining One

Shops:
D:5 ?

Annotations:
D:6 Dowan; Duvessa
D:7 2 transporters, Pikel; seyes's ghost, novice SpAs


Message History

Your magical infusion is running out.
The orc warrior barely misses you.
You barely miss the orc warrior.
The orc warrior is heavily wounded.
You hit the orc warrior but do no damage.
The orc warrior is heavily wounded.
The orc warrior hits you with a +0 flail!!
* * * LOW HITPOINT WARNING * * *
You are no longer magically infusing your attacks.
Your shroud bends the orc warrior's attack away.
Your shroud begins to fray at the edges.
You closely miss the orc warrior.
The orc warrior is heavily wounded.
Your shroud bends the orc warrior's attack away!
You hit the orc warrior.
The orc warrior is heavily wounded.
You barely miss the orc warrior.
The orc warrior is heavily wounded.
The orc warrior hits you with a +0 flail!
You die...

### ##########.### ..###
#...# ....###### ###.#
.........# #.# .........#
#.# .........# #.#
#........# #.#
#.#.############.#
#...............@#
###....########o## ####.#.#
#..# .....#.#########.###
...................#
...................#
..###...###...###..## ..#
#...# #...# #...#######
..###...###...###........<#


You could see an orc warrior.

Vanquished Creatures
  Menkaure (D:6)
  A sky beast (D:8)
  2 slaves
  5 ogres
  2 phantoms
  A big kobold (D:5)
  2 bullfrogs (D:7)
  A water moccasin zombie (D:6)
  A scorpion (D:4)
  4 wights
  5 howler monkeys
  2 crimson imps
  3 bullfrog zombies
  2 jellies
  3 orc priests (D:4)
  4 hounds
  4 orc wizards
  An iguana (D:7)
  3 worker ants
  A mummy (D:5)
  A hound zombie (D:5)
  A hound skeleton (D:5)
  Robin (D:2)
  2 worker ant zombies (D:6)
  4 gnolls (D:7)
  9 adders
  2 shadow imps (D:8)
  An adder zombie (D:6)
  3 worms
  3 dart slugs (D:1)
  A leopard gecko (D:1)
  13 orcs
  A ball python (D:1)
  6 bats
  6 giant cockroaches
  14 goblins
  9 hobgoblins
  9 jackals
  5 quokkas
  2 frilled lizards
  A jackal skeleton (D:7)
  17 kobolds
  A leopard gecko skeleton (D:4)
  8 rats
  A spectral orc (D:5)
169 creatures vanquished.

Vanquished Creatures (others)
  2 spectral weapons (D:7)
2 creatures vanquished.

Grand Total: 171 creatures vanquished

Notes
Turn   | Place    | Note
-------+----------+-------------------------------------------
     0 | D:1      | Aphrodieselac the Merfolk Skald began the quest for the
                  | Orb.
     0 | D:1      | Reached XP level 1. HP: 16/16 MP: 3/3
    53 | D:1      | Reached XP level 2. HP: 15/22 MP: 5/5
   327 | D:1      | Reached skill level 4 in Charms
   487 | D:1      | Reached XP level 3. HP: 27/27 MP: 6/6
  1307 | D:2      | Noticed Robin
  1355 | D:1      | Learned a level 2 spell: Song of Slaying
  1358 | D:1      | Learned a level 2 spell: Shroud of Golubria
  1445 | D:2      | Reached XP level 4. HP: 29/33 MP: 2/7
  1455 | D:2      | Killed Robin
  1635 | D:2      | Found a deep blue altar of Sif Muna.
  1871 | D:2      | Found a glowing golden altar of the Shining One.
  2091 | D:2      | Found a faded altar of an unknown god.
  2154 | D:3      | Reached skill level 5 in Charms
  2331 | D:3      | Reached XP level 5. HP: 24/38 MP: 1/8
  2391 | D:3      | Found an opulent altar of Gozag.
  2654 | D:3      | Reached skill level 5 in Polearms
  2775 | D:3      | Found an opulent altar of Gozag.
  2777 | D:3      | Found a white marble altar of Elyvilon.
  3188 | D:4      | Reached skill level 6 in Charms
  3200 | D:4      | Reached XP level 6. HP: 20/44 MP: 5/9
  3537 | D:4      | Reached skill level 7 in Charms
  3537 | D:4      | Reached XP level 7. HP: 25/50 MP: 0/10
  4016 | D:4      | Reached skill level 8 in Charms
  4044 | D:5      | Entered Level 5 of the Dungeon
  4056 | D:5      | Found a snail-covered altar of Cheibriados.
  4353 | D:5      | Reached XP level 8. HP: 53/56 MP: 2/11
  4566 | D:5      | Learned a level 3 spell: Spectral Weapon
  4666 | D:5      | Found a basalt altar of Yredelemnul.
  4754 | D:5      | Found Taesyre's Magic Scroll Shop.
  4875 | D:6      | Reached skill level 9 in Charms
  4957 | D:6      | Noticed Duvessa
  4975 | D:6      | Noticed Dowan
  5200 | D:6      | Found a sacrificial altar of Ru.
  5292 | D:6      | Reached skill level 10 in Charms
  5600 | D:6      | Noticed Menkaure
  5726 | D:7      | Reached XP level 9. HP: 40/61 MP: 1/12
  5897 | D:7      | Found an iron altar of Okawaru.
  5904 | D:7      | Became a worshipper of Warmaster Okawaru
  6058 | D:7      | Found a transporter.
  6060 | D:7      | Found a blossoming altar of Fedhas.
  6061 | D:7      | Noticed seyes's ghost (novice SpAs)
  6062 | D:7      | Identified the cursed +1 dire flail of Zef Colu {freeze,
                  | -Tele rN+ MP+9 Str+6}
  6099 | D:7      | Noticed Pikel
  6106 | D:7      | Found a transporter.
  6269 | D:6      | Reached skill level 10 in Polearms
  6420 | D:6      | Reached skill level 11 in Charms
  6815 | D:8      | Noticed a two-headed ogre
  6904 | D:7      | Found a stormy altar of Qazlal.
  6905 | D:7      | Found a radiant altar of Vehumet.
  6961 | D:7      | Found a shadowy altar of Dithmenos.
  6981 | D:7      | Reached * piety under Okawaru
  7163 | D:7      | Found a staircase to the Ecumenical Temple.
  7263 | D:6      | Killed Menkaure
  7395 | D:6      | Slain by an orc warrior

Skill      XL: |  1  2  3  4  5  6  7  8  9 |
---------------+----------------------------+-----
Charms         | 4 5 6 7 8 10 11 | 11.4
Polearms       | 4 5 6 7 9 10 | 10.5
Fighting       | |  2.1
Armour         | |  0.6
Dodging        | |  2.6
Spellcasting   | |  2.0

Action                   |  1- 3 |  4- 6 |  7- 9 || total
-------------------------+-------+-------+-------++-------
Melee: Spear             |   145 |   209 |   852 ||  1206
Throw: Tomahawk          |       |       |     5 ||     5
 Cast: Infusion          |     7 |    11 |    31 ||    49
       Song of Slaying   |     1 |     2 |     3 ||     6
       Shroud of Golubri |     1 |     3 |    26 ||    30
       Spectral Weapon   |       |       |     2 ||     2
  Use: Scroll            |       |     3 |     7 ||    10
       Potion            |       |     1 |       ||     1
 Stab: Sleeping          |     1 |     1 |       ||     2
  Eat: Chunk             |     2 |     7 |    17 ||    26
Armor: Leather armour    |    26 |    41 |   157 ||   224
Dodge: Dodged            |    63 |    88 |   278 ||   429
Block: Buckler           |       |     7 |    88 ||    95
